 Dungeon Crawl Stone Soup version 0.25-a0-591-g2ad0d861f1 (webtiles) character file.

Game seed: 10905360093679142720, levelgen mode: deterministic

135 MisterFreud the Skirmisher (level 4, -4/22 HPs)
             Began as a Felid Skald on Mar 11, 2020.
             Slain by a centaur
             ... wielding a +0 battleaxe
              (12 damage)
             ... on level 5 of the Dungeon on Mar 14, 2020.
             The game lasted 00:11:13 (5211 turns).

MisterFreud the Skirmisher (Felid Skald)            Turns: 5211, Time: 00:11:13

Health: -4/22      AC:  1    Str:  7    XL:     4   Next: 96%
Magic:  4/8        EV: 19    Int: 14    God:
Gold:   202        SH:  0    Dex: 17    Spells: 1/7 levels left
                                        Lives:  0   Deaths: 1

rFire    . . .     SeeInvis +     - Unarmed
rCold    . . .     Gourm    .   (shield unavailable)
rNeg     . . .     Faith    .   (armour unavailable)
rPois    .         Spirit   .   (helmet unavailable)
rElec    .         Reflect  .   (cloak unavailable)
rCorr    .         Harm     .   (gloves unavailable)
MR       .....                  (boots unavailable)
Stlth    +++.......             (no amulet)
HPRegen  0.07/turn              (no ring)
MPRegen  0.11/turn              (no ring)

@: infused, quick
A: very small, no armour, no weapons or thrown items, stealth, claws 1, fangs 3,
see invisible, carnivore, speed 1, shaggy fur 1, slow metabolism 1, sharp paws
a: no special abilities


You were on level 5 of the Dungeon.
You were very full.

You visited 1 branch of the dungeon, and saw 5 of its levels.

You collected 202 gold pieces.

Inventory:

Scrolls
 a - a scroll of enchant armour {unknown}
 c - a scroll of identify {unknown}
 d - 4 scrolls of remove curse
 h - 2 scrolls of fog {unknown}
 l - a scroll of fear {unknown}
 m - 2 scrolls of magic mapping {unknown}
 n - a scroll of teleportation {unknown}
Potions
 e - 3 potions of lignification {unknown}
 f - 2 potions of invisibility {unknown}
 g - a potion of cancellation {unknown}
 i - 2 potions of brilliance {unknown}
 j - 3 potions of curing {unknown}
 k - a potion of might {unknown}
Comestibles
 b - 8 rations


   Skills:
 - Level 4.0 Fighting
 + Level 3.8 Dodging
 - Level 4.0 Stealth
 + Level 3.6 Unarmed Combat
 - Level 2.0 Spellcasting
 - Level 3.6 Charms
 - Level 0.1 Translocations


You had one spell level left.
You knew the following spells:

 Your Spells              Type           Power        Failure   Level  Hunger
a - Infusion              Chrm           ##..         5%          1    ##.....
b - Shroud of Golubria    Chrm/Tloc      #.....       17%         2    ###....
c - Ozocubu's Armour      Chrm/Ice       #.......     34%         3    ####...

Your spell library contained the following spells:

 Spells                   Type           Power        Failure   Level  Hunger
 Song of Slaying          Chrm           ##......     9%          2    ###....
 Spectral Weapon          Hex/Chrm       Unusable     N/A         3    N/A

Dungeon Overview and Level Annotations

Branches:
Dungeon (4/15)
 Temple: D:4-7

Altars:
Ashenzari
Cheibriados
Nemelex Xobeh
Okawaru
Trog
Wu Jian
Zin

Annotations:
D:4 Dowan, Duvessa


Innate Abilities, Weirdness & Mutations

You cannot wear armour.
You are incapable of wielding weapons or throwing items.
Your paws allow you to move quietly. (Stealth)
You have sharp claws.
You have razor-sharp teeth.
You have supernaturally acute eyesight. (SInv)
You are carnivorous and can eat meat at any time.
You cover ground quickly.
You are covered in fur. (AC +1)
You have a slow metabolism.
Your sharp claws are effective at attacking unaware monsters.


Message History

Confirm with . or Enter, or press ? or * to list all spells.
Space distorts slightly along a thin shroud covering your body.
Casting: Shroud of Golubria (safe; 17% risk of failure)
Confirm with . or Enter, or press ? or * to list all spells.
You begin infusing your attacks with magical energy.
You start resting.
The centaur shoots an arrow.
The arrow hits you.
The centaur unwields a +0 shortbow.
The centaur wields a +0 battleaxe.
The centaur completely misses you.
You scratch the centaur.
The centaur is lightly wounded.
The centaur hits you with a +0 battleaxe!
Ouch! That really hurt!
You are too injured to fight recklessly!
You are too injured to fight recklessly!
You are too injured to fight recklessly!
You completely miss the centaur.
The centaur is lightly wounded.
The centaur hits you with a +0 battleaxe!
Ouch! That really hurt!
You die...

# ##...##.....##
#.##....c##.....#
#.#.......#.....#
#....._......#.##
#.......#.)###
##.....##.##
##...##..#
##c##..## #.@(.##
######


You could see a centaur.

Vanquished Creatures
  A scorpion (D:4)
  Terence (D:2)
  A worker ant (D:5)
  3 gnolls
  2 adders
  2 oozes (D:1)
  A worm (D:4)
  A dart slug (D:1)
  2 leopard geckos (D:2)
  3 orcs
  5 bats
  6 giant cockroaches
  11 goblins
  7 hobgoblins
  7 jackals
  3 kobolds
  3 ball pythons
  5 frilled lizards
  9 rats
73 creatures vanquished.

Notes
Turn   | Place    | Note
-------+----------+-------------------------------------------
     0 | D:1      | MisterFreud the Felid Skald began the quest for the Orb.
     0 | D:1      | Reached XP level 1. HP: 9/9 MP: 4/4
   353 | D:1      | Reached XP level 2. HP: 7/13 MP: 0/6
   806 | D:1      | Learned a level 2 spell: Shroud of Golubria
   855 | D:1      | Reached skill level 1 in Stealth
  1306 | D:1      | Reached XP level 3. HP: 17/17 MP: 7/7
  1667 | D:2      | Found a bloodstained altar of Trog.
  1678 | D:2      | Found a glowing silver altar of Zin.
  1678 | D:2      | Found a snail-covered altar of Cheibriados.
  1876 | D:2      | Found an ornate altar of the Wu Jian Council.
  2187 | D:1      | Upgraded the game from 0.25-a0-589-g1e14c549ee to
                  | 0.25-a0-591-g2ad0d861f1
  2406 | D:2      | Noticed Terence
  2434 | D:2      | Killed Terence
  2434 | D:2      | Reached XP level 4. HP: 14/22 MP: 2/8
  3665 | D:2      | Found a sparkling altar of Nemelex Xobeh.
  3790 | D:2      | Learned a level 3 spell: Ozocubu's Armour
  3941 | D:3      | Found a shattered altar of Ashenzari.
  4168 | D:3      | Reached XP level 5. HP: 25/25 MP: 9/9
  4613 | D:4      | Noticed Duvessa
  4615 | D:4      | Noticed Dowan
  4808 | D:4      | Killed from afar by an orc priest
  4809 | D:4      | Reached XP level 4. HP: -2/22 MP: 8/8
  4852 | D:4      | Noticed a phantom
  4895 | D:4      | You fall into a shaft and drop 1 floor!
  4895 | D:5      | Entered Level 5 of the Dungeon
  4895 | D:5      | Found an iron altar of Okawaru.
  5177 | D:5      | Noticed a centaur
  5211 | D:5      | Slain by a centaur

Levels and vault maps discovered:
D:1:      dpeg_arrival_tiny_f, layout_loops_cross, minivault_14,
          palyth_stone_intersect, kennysheep_another_room, supply_closet_lemuel
D:2:      kennysheep_the_goblin_king, layout_loops_ring,
          nicolae_overflow_hidden_temple, minitemple, corexii_corridor_pit,
          minmay_small_reverse_x, uniq_terence
D:3:      layout_loops_cross, nicolae_ashenzari_panopticon
D:4:      layout_basic, first_ration, uniq_duvessa
D:5:      cheibrodos_two_vegetables, layout_cave_pools, lemuel_round_altar,
          tso_oasis_becter, hangedman_decor_lopped, serial_bayou_lagoon_a

Skill      XL: |  1  2  3  4  5 |
---------------+----------------+-----
Fighting       | 3 4 |  4.0
Stealth        | 1 2 4 |  4.0
Unarmed Combat | 3 |  3.6
Dodging        | |  3.8
Spellcasting   | |  2.0
Charms         | |  3.6
Translocations | |  0.1

Action                   |  1- 3 |  4- 6 || total
-------------------------+-------+-------++-------
Melee: Unarmed           |   111 |   138 ||   249
       Bite              |    10 |    10 ||    20
       Punch             |     1 |     1 ||     2
 Cast: Infusion          |    14 |    13 ||    27
       Shroud of Golubri |     4 |    19 ||    23
  Use: Scroll            |       |     1 ||     1
 Stab: Sleeping          |     7 |     7 ||    14
  Eat: Chunk             |    11 |    11 ||    22
Armor: Skin              |     7 |     5 ||    12
Dodge: Dodged            |    85 |   100 ||   185

Table legend:
 A = Non-vault XP
 B = Vault XP
 C = Vault XP percentage of total XP
 D = Non-vault monster count
 E = Vault monster count
 F = Vault count percentage of total count
                 A         B        C        D         E       F
            +---------+---------+-------+---------+---------+-------
      Total |     282 |      56 |  16.6 |      62 |      11 |  15.1
            +---------+---------+-------+---------+---------+-------
        D:1 |      69 |       0 |   0.0 |      26 |       0 |   0.0
        D:2 |      56 |      56 |  50.0 |      12 |      11 |  47.8
        D:3 |      40 |       0 |   0.0 |      17 |       0 |   0.0
        D:4 |      78 |       0 |   0.0 |       3 |       0 |   0.0
        D:5 |      39 |       0 |   0.0 |       4 |       0 |   0.0
            +---------+---------+-------+---------+---------+-------
